NYP
WILLIAMSPORT CROSSCUTTERS @ STATE COLLEGE SPIKES
09/08/2108
 
TOP OF THE 1ST
Williamsport Crosscutters batting - Pitching for State College Spikes : RHP Chuck Bannon
Pitching: RHP Chuck Bannon
Batting: SHB Ricardo Torres 0-0: Foul Ball, location: 5FF
0-1: Ball
1-1: Foul Ball, location: 2LF
1-2: Ground out 6-3 (Groundball, 6, EV 88.8 MPH)
Batting: RHB Ricky Aguilera 0-0: Called Strike
0-1: Ball
1-1: Ball
2-1: SINGLE (Line Drive, 7S, EV 103.1 MPH)
Batting: LHB Ryan Cirella 0-0: Fly out, F8 (Line Drive, 8LS, EV 89.4 MPH)
Batting: RHB Ivan Allende 0-0: Called Strike
0-1: 2-RUN HOME RUN (Flyball, 78XD, EV 105.0 MPH), Distance : 417 ft
Batting: LHB Bill Foley 0-0: Ball
1-0: Called Strike
1-1: Ball
2-1: Fly out, F5 (Popup, 5SF, EV 89.4 MPH)
Top of the 1st over - 2 runs, 2 hits, 0 errors, 0 left on base; Williamsport 2 - State College 0
BOTTOM OF THE 1ST
State College Spikes batting - Pitching for Williamsport Crosscutters : RHP Manny Serrano
Pitching: RHP Manny Serrano
Batting: RHB Cody Black 0-0: Called Strike
0-1: Ball
1-1: Ball
2-1: Ball
3-1: Base on Balls
Batting: LHB Brandon Wiggs 0-0: Swinging Strike
0-1: Foul Ball, location: 2F
0-2: Strikes out looking
Batting: LHB Tim Holmes 0-0: Ball
1-0: Fly out, F7 (Line Drive, 7D, EV 91.9 MPH)
Batting: RHB Carlos Tostado 0-0: Called Strike
0-1: Ball
1-1: Called Strike
1-2: Strikes out looking
Bottom of the 1st over - 0 runs, 0 hits, 0 errors, 1 left on base; Williamsport 2 - State College 0
TOP OF THE 2ND
Williamsport Crosscutters batting - Pitching for State College Spikes : RHP Chuck Bannon
Batting: RHB Paul Vaughn 0-0: Ball
1-0: SINGLE (Line Drive, 4D, EV 101.3 MPH)
Pitching: RHP Dan Baker
Batting: LHB Greg Yakel 0-0: Called Strike
Paul Vaughn is caught stealing 2nd base 2-6
0-1: Ball
1-1: Swinging Strike
1-2: Fly out, F7 (Flyball, 7LMF, EV 77.5 MPH)
Batting: SHB Walter Lancaster 0-0: Ball
1-0: Ball
2-0: Fly out, F8 (Line Drive, 8RM, EV 86.9 MPH)
Top of the 2nd over - 0 runs, 1 hit, 0 errors, 0 left on base; Williamsport 2 - State College 0
BOTTOM OF THE 2ND
State College Spikes batting - Pitching for Williamsport Crosscutters : RHP Manny Serrano
Batting: LHB Josh Bredeson 0-0: Ball
1-0: SOLO HOME RUN (Flyball, 89XD, EV 96.3 MPH), Distance : 394 ft
Batting: SHB Carlos Rodrigues 0-0: Fly out, F9 (Flyball, 9, EV 96.3 MPH)
Batting: LHB Raul Romero 0-0: Ground out 4-3 (Groundball, 4, EV 85.6 MPH)
Batting: RHB Alberto Loredo 0-0: Ground out 5-3 (Groundball, 5L, EV 105.0 MPH)
Bottom of the 2nd over - 1 run, 1 hit, 0 errors, 0 left on base; Williamsport 2 - State College 1
TOP OF THE 3RD
Williamsport Crosscutters batting - Pitching for State College Spikes : RHP Dan Baker
Batting: RHB Reinaldo Serpa 0-0: Ball
1-0: Called Strike
1-1: Called Strike
1-2: Strikes out swinging
Batting: SHB Ricardo Torres 0-0: Ball
1-0: Foul Ball, location: 3SF
1-1: Ball
2-1: Foul Ball, location: 7LMF
2-2: Foul Ball, location: 5F
2-2: SINGLE (Line Drive, 9S, EV 102.5 MPH)
Batting: RHB Ricky Aguilera 0-0: Foul Ball, location: 3F
0-1: Ball
1-1: Foul Ball, location: 9LDF
1-2: Strikes out swinging
Batting: LHB Ryan Cirella 0-0: Fly out, F6 (Line Drive, 6M, EV 76.9 MPH)
Top of the 3rd over - 0 runs, 1 hit, 0 errors, 1 left on base; Williamsport 2 - State College 1
BOTTOM OF THE 3RD
State College Spikes batting - Pitching for Williamsport Crosscutters : RHP Manny Serrano
Batting: RHB Ben Dallas 0-0: Foul Ball, location: 9LMF
0-1: Foul Ball, location: 9LSF
0-2: Strikes out swinging
Batting: RHB Cody Black 0-0: Called Strike
0-1: Ball
1-1: Foul Ball, location: 9LSF
1-2: Ball
2-2: Fly out, F8 (Flyball, 8LM, EV 96.3 MPH)
Batting: LHB Brandon Wiggs 0-0: Swinging Strike
0-1: Ground out U3 (Groundball, 34, EV 103.1 MPH)
Bottom of the 3rd over - 0 runs, 0 hits, 0 errors, 0 left on base; Williamsport 2 - State College 1
TOP OF THE 4TH
Williamsport Crosscutters batting - Pitching for State College Spikes : RHP Dan Baker
Batting: RHB Ivan Allende 0-0: Called Strike
0-1: Foul Ball, location: 9LSF
0-2: SINGLE (Groundball, 6MD, EV 107.5 MPH)
Batting: LHB Bill Foley 0-0: Ball
1-0: SINGLE (Line Drive, 6D, EV 105.6 MPH)
Ivan Allende to second
Batting: RHB Paul Vaughn 0-0: Foul Ball, location: 9LSF
0-1: Ball
1-1: Fly out, F4 (Popup, 4MS, EV 80.0 MPH)
Batting: LHB Greg Yakel 0-0: Called Strike
0-1: Foul Ball, location: 7LMF
0-2: Ball
1-2: Strikes out swinging
Batting: SHB Walter Lancaster 0-0: SINGLE (Line Drive, 9LS, EV 105.0 MPH)
Ivan Allende to third
Bill Foley to second
Batting: RHB Reinaldo Serpa 0-0: Called Strike
0-1: Called Strike
0-2: Foul Ball, location: 2F
0-2: Ball
1-2: Foul Ball, location: 2F
1-2: Ball
2-2: Foul Ball, location: 5DF
2-2: Strikes out swinging
Top of the 4th over - 0 runs, 3 hits, 0 errors, 3 left on base; Williamsport 2 - State College 1
BOTTOM OF THE 4TH
State College Spikes batting - Pitching for Williamsport Crosscutters : RHP Manny Serrano
Batting: LHB Tim Holmes 0-0: Called Strike
0-1: Swinging Strike
0-2: Foul Ball, location: 5SF
0-2: Fly out, F9 (Line Drive, 9S, EV 91.9 MPH)
Batting: RHB Carlos Tostado 0-0: Ball
1-0: Called Strike
1-1: Ball
2-1: Called Strike
2-2: Ball
3-2: Strikes out swinging
Batting: LHB Josh Bredeson 0-0: Called Strike
0-1: Foul Ball, location: 2F
0-2: Strikes out looking
Bottom of the 4th over - 0 runs, 0 hits, 0 errors, 0 left on base; Williamsport 2 - State College 1
TOP OF THE 5TH
Williamsport Crosscutters batting - Pitching for State College Spikes : RHP Dan Baker
Batting: SHB Ricardo Torres 0-0: Fly out, F8 (Flyball, 8RXD, EV 98.8 MPH)
Batting: RHB Ricky Aguilera 0-0: Ball
1-0: Called Strike
1-1: Called Strike
1-2: Foul Ball, location: 2F
1-2: Ball
2-2: Fly out, F8 (Line Drive, 8LM, EV 88.1 MPH)
Batting: LHB Ryan Cirella 0-0: Swinging Strike
0-1: Ball
1-1: Ball
2-1: Ball
3-1: Called Strike
3-2: Ground out 4-3 (Groundball, 4, EV 86.3 MPH)
Top of the 5th over - 0 runs, 0 hits, 0 errors, 0 left on base; Williamsport 2 - State College 1
BOTTOM OF THE 5TH
State College Spikes batting - Pitching for Williamsport Crosscutters : RHP Manny Serrano
Batting: SHB Carlos Rodrigues 0-0: Called Strike
0-1: SINGLE (Line Drive, 7S, EV 107.5 MPH)
Batting: LHB Raul Romero 0-0: Ball
1-0: Called Strike
1-1: Called Strike
1-2: Foul Ball, location: 3SF
1-2: Foul Ball, location: 2F
1-2: Strikes out looking
Pinch Hitting: LHB Brian Mathison 0-0: Ball
1-0: Ball
2-0: Ball
3-0: Base on Balls
Carlos Rodrigues to second
Batting: RHB Ben Dallas 0-0: Ball
1-0: Ball
2-0: Foul Ball, location: 2LF
2-1: Foul Ball, location: 25FF
2-2: Ball
3-2: Foul Ball, location: 5FF
3-2: Hit by Pitch
Carlos Rodrigues to third
Brian Mathison to second
Batting: RHB Cody Black 0-0: Called Strike
0-1: Ball
1-1: DOUBLE (Line Drive, 89M, EV 110.6 MPH)
Carlos Rodrigues scores
Brian Mathison scores
Ben Dallas to third
Runner from 3rd tries for Home, SAFE, throw by CF to trailing runner, SAFE at third!
Batting: LHB Brandon Wiggs 0-0: Ball
1-0: Swinging Strike
1-1: Swinging Strike
1-2: Strikes out looking
Batting: LHB Tim Holmes 0-0: Ball
1-0: Ball
2-0: SINGLE (Groundball, 6MD, EV 103.1 MPH)
Cody Black scores
Pitching: LHP Guillermo Guzman
Batting: RHB Carlos Tostado 0-0: Ball
1-0: Ball
2-0: Foul Ball, location: 2F
2-1: Foul Ball, location: 3SF
2-2: DOUBLE (Line Drive, 5D, EV 102.5 MPH)
Tim Holmes to third
Batting: LHB Josh Bredeson 0-0: Called Strike
0-1: Ball
1-1: Ground out 5-3 (Groundball, 5, EV 85.6 MPH)
Bottom of the 5th over - 4 runs, 4 hits, 0 errors, 2 left on base; Williamsport 2 - State College 5
TOP OF THE 6TH
Williamsport Crosscutters batting - Pitching for State College Spikes : RHP Dan Baker
Pitching: RHP Johnny Neal
Now in LF: Ciddhatu Ramnarine
Now in CF: Josh Bredeson
Now in RF: Raul Romero
Batting: RHB Ivan Allende 0-0: Called Strike
0-1: Called Strike
0-2: Ball
1-2: Foul Ball, location: 2LF
1-2: Strikes out swinging
Batting: LHB Bill Foley 0-0: Ball
1-0: Foul Ball, location: 2F
1-1: Ball
2-1: Called Strike
2-2: Foul Ball, location: 2F
2-2: Fly out, F8 (Flyball, 8LM, EV 88.8 MPH)
Batting: RHB Paul Vaughn 0-0: Ball
1-0: Foul Ball, location: 3SF
1-1: Foul Ball, location: 7LSF
1-2: Foul Ball, location: 9LMF
1-2: Strikes out swinging
Top of the 6th over - 0 runs, 0 hits, 0 errors, 0 left on base; Williamsport 2 - State College 5
BOTTOM OF THE 6TH
State College Spikes batting - Pitching for Williamsport Crosscutters : LHP Guillermo Guzman
Batting: SHB Carlos Rodrigues 0-0: Ball
1-0: Ground out 6-3 (Groundball, 6, EV 78.8 MPH)
Batting: LHB Raul Romero 0-0: Called Strike
0-1: Ball
1-1: Ground out U3 (Groundball, 13, EV 88.8 MPH)
Batting: RHB Ciddhatu Ramnarine 0-0: Fly out, F8 (Flyball, 8RD, EV 110.0 MPH)
Bottom of the 6th over - 0 runs, 0 hits, 0 errors, 0 left on base; Williamsport 2 - State College 5
TOP OF THE 7TH
Williamsport Crosscutters batting - Pitching for State College Spikes : RHP Johnny Neal
Pitching: RHP Adam Moore
Batting: LHB Greg Yakel 0-0: Ball
1-0: SOLO HOME RUN (Flyball, 9D, EV 96.3 MPH), Distance : 371 ft
Batting: SHB Walter Lancaster 0-0: Ball
1-0: SINGLE (Groundball, 4MD, EV 98.8 MPH)
Batting: RHB Reinaldo Serpa 0-0: Ball
1-0: Swinging Strike
1-1: SINGLE (Groundball, 6MD, EV 107.5 MPH)
Walter Lancaster to second
Batting: SHB Ricardo Torres 0-0: Foul Ball, location: 9LDF
0-1: Swinging Strike
0-2: Foul Ball, location: 23F
0-2: Ball
1-2: Strikes out swinging
Batting: RHB Ricky Aguilera 0-0: Swinging Strike
0-1: Ball
1-1: Foul Ball, location: 2F
1-2: 3-RUN HOME RUN (Flyball, 89XD, EV 101.3 MPH), Distance : 387 ft
Pitching: LHP Jorge Barajas
Batting: LHB Ryan Cirella 0-0: Foul Ball, location: 2F
0-1: Fly out, F8 (Line Drive, 8LM, EV 106.9 MPH)
Batting: RHB Ivan Allende 0-0: Called Strike
0-1: Swinging Strike
0-2: Strikes out swinging
Top of the 7th over - 4 runs, 4 hits, 0 errors, 0 left on base; Williamsport 6 - State College 5
BOTTOM OF THE 7TH
State College Spikes batting - Pitching for Williamsport Crosscutters : LHP Guillermo Guzman
Now at 1B: Ricky Aguilera
Now in CF: Armando Torres
Batting: RHB Ben Dallas 0-0: Ball
1-0: Called Strike
1-1: Foul Ball, location: 2F
1-2: Fly out, F8 (Flyball, 8RM, EV 88.8 MPH)
Batting: RHB Cody Black 0-0: Ball
1-0: Ball
2-0: Called Strike
2-1: Swinging Strike
2-2: Ball
3-2: Strikes out looking
Batting: LHB Brandon Wiggs 0-0: Ground out 5-3 (Groundball, 5L, EV 84.4 MPH)
Bottom of the 7th over - 0 runs, 0 hits, 0 errors, 0 left on base; Williamsport 6 - State College 5
TOP OF THE 8TH
Williamsport Crosscutters batting - Pitching for State College Spikes : LHP Jorge Barajas
Batting: LHB Bill Foley 0-0: Foul Ball, location: 9LMF
0-1: Swinging Strike
0-2: Ball
1-2: Foul Ball, location: 2F
1-2: Ground out 5-3 (Groundball, 56, EV 99.4 MPH)
Batting: RHB Paul Vaughn 0-0: Foul Ball, location: 5FF
0-1: Ground out 5-3 (Groundball, 56, EV 90.6 MPH)
Batting: RHB Armando Torres 0-0: Swinging Strike
0-1: Ball
1-1: Foul Ball, location: 2F
1-2: Strikes out looking
Top of the 8th over - 0 runs, 0 hits, 0 errors, 0 left on base; Williamsport 6 - State College 5
BOTTOM OF THE 8TH
State College Spikes batting - Pitching for Williamsport Crosscutters : LHP Guillermo Guzman
Pitching: RHP Chris Pasquini
Batting: LHB Tim Holmes 0-0: Ball
1-0: Ball
2-0: SINGLE (Flyball, 89M, EV 95.0 MPH)
Batting: RHB Carlos Tostado 0-0: Ball
1-0: Ball
2-0: Swinging Strike
2-1: Ball
3-1: Base on Balls
Tim Holmes to second
Batting: LHB Josh Bredeson 0-0: Ball
1-0: Swinging Strike
1-1: Ball
Wild Pitch!
Tim Holmes to third
Carlos Tostado to second
2-1: Ball
3-1: Called Strike
3-2: Base on Balls
Batting: SHB Carlos Rodrigues 0-0: Foul Ball, location: 23FF
0-1: Ball
1-1: SINGLE (Groundball, 34, EV 100.6 MPH)
Tim Holmes scores
Carlos Tostado to third
Josh Bredeson to second
Runner from 3rd tries for Home, throw by RF and OUT! 9-2
Josh Bredeson to third
Carlos Rodrigues to second
Batting: LHB Raul Romero 0-0: Ball
1-0: Called Strike
1-1: Fly out, F6 (Popup, 56, EV 60.0 MPH)
Batting: RHB Ciddhatu Ramnarine 0-0: Ball
1-0: Foul Ball, location: 9LSF
1-1: SINGLE (Groundball, 6D, EV 108.8 MPH)
Josh Bredeson scores
Carlos Rodrigues to third
Runner from 3rd tries for Home, SAFE, throw by CF to home
Batting: RHB Ben Dallas 0-0: Ground out 5-3 (Groundball, 5L, EV 83.8 MPH)
Bottom of the 8th over - 3 runs, 3 hits, 0 errors, 1 left on base; Williamsport 6 - State College 8
TOP OF THE 9TH
Williamsport Crosscutters batting - Pitching for State College Spikes : LHP Jorge Barajas
Batting: SHB Walter Lancaster 0-0: Ground out 6-3 (Groundball, 6M, EV 96.9 MPH)
Pinch Hitting: SHB Sammy Bork 0-0: Foul Ball, location: 7LDF
0-1: Foul Ball, location: 9LSF
0-2: Ball
1-2: Fly out, F7 (Flyball, 78M, EV 85.6 MPH)
Batting: SHB Ricardo Torres 0-0: Foul Ball, location: 2F
0-1: Foul Ball, location: 2F
0-2: Foul Ball, location: 3FF
0-2: Foul Ball, location: 23F
0-2: Ball
1-2: Ball
2-2: Strikes out swinging
Top of the 9th over - 0 runs, 0 hits, 0 errors, 0 left on base; Williamsport 6 - State College 8
Thursday, March 27th , 2025 - OOTP Baseball 25.11 Build 104